 Dungeon Crawl Stone Soup version 0.32-a0-928-g1cae6b7ea0 (webtiles) character file.

Game seed: 11687451500702544549

7979 SlowGraham the Arsonist (level 11, -34/74 HPs)
             Began as a Mountain Dwarf Alchemist on Apr 12, 2024.
             Was a Believer of Sif Muna.
             Annihilated by Gastronok the titan (49 damage)
             ... on level 8 of the Dungeon.
             The game lasted 01:10:23 (10369 turns).

SlowGraham the Arsonist (Mountain Dwarf Alchemist) Turns: 10369, Time: 01:10:24

Health: -34/74     AC:  7    Str: 11    XL:     11   Next: 3%
Magic:  16/29      EV: 10    Int: 20    God:    Sif Muna [**....]
Gold:   434        SH:  0    Dex: 10    Spells: 7/23 levels left

rFire   + + .        a - +2 quarterstaff (chaos)
rCold   + . .        (shield currently unavailable)
rNeg    . . .        c - +1 robe {rC+ rF+}
rPois   .            i - +0 helmet
rElec   .            u - +0 cloak
rCorr   .            j - +0 pair of gloves
SInv    .            (no boots)
Will    +....        y - amulet of magic regeneration
Stlth   ++           k - ring of magical power
HPRegen 0.32/turn    f - ring of protection from fire
MPRegen 0.61/turn

%: no passive effects
@: studying Polearms
A: runic magic, artefact enchanting
a: Renounce Religion, Channel Magic


You were on level 8 of the Dungeon.
You worshipped Sif Muna.
Sif Muna was pleased with you.
You visited 2 branches of the dungeon, and saw 9 of its levels.

You collected 434 gold pieces.

Inventory:

Hand Weapons
 a - a +2 quarterstaff of chaos (weapon)
 m - a +0 orcbow
 p - a +2 vampiric dagger
Missiles
 o - 32 poisoned darts
 s - 32 stones (quivered)
 t - 7 boomerangs
 F - 8 curare-tipped darts
 J - 5 atropa-tipped darts
 Z - 2 throwing nets
Armour
 c - a +1 robe of resistance (worn)
 h - a +0 scale mail
 i - a +0 helmet (worn)
 j - a +0 pair of gloves (worn)
 u - a +0 cloak (worn)
 E - an orb of energy
 K - a +0 troll leather armour
Magical Staves
 b - a staff of fire {!a}
Jewellery
 f - a ring of protection from fire (right hand)
 k - a ring of magical power (left hand)
 y - an amulet of magic regeneration (around neck)
 G - a ring of fire
Wands
 z - a wand of charming (26)
 I - a wand of iceblast (17)
 V - a wand of flame (9)
Scrolls
 g - 2 scrolls of immolation
 n - 3 scrolls of identify {unknown}
 q - a scroll of poison
 r - a scroll of fear
 A - a scroll of fog
 B - a scroll of summoning {unknown}
 C - a scroll of blinking {unknown}
 T - a scroll of teleportation
Potions
 d - a potion of might
 l - 2 potions of ambrosia {unknown}
 v - 2 potions of enlightenment {unknown}
 w - 2 potions of attraction {unknown}
 x - 2 potions of haste {unknown}
 D - 3 potions of cancellation {unknown}
 H - a potion of magic


   Skills:
 - Level 8.0 Armour
 - Level 1.3 Dodging
 - Level 1.4 Stealth
 + Level 6.5 Spellcasting
 + Level 6.9 Conjurations
 - Level 8.0 Fire Magic
 - Level 2.0 Air Magic
 + Level 6.7 Alchemy
 + Level 4.8 Invocations


You had 7 spell levels left.
You knew the following spells:

 Your Spells              Type           Power      Damage    Failure   Level
a - Sting                 Conj/Alch      100%       1d9       1%          1
b - Ignite Poison         Fire/Alch      36%        N/A       4%          4
c - Sticky Flame          Fire/Alch      36%        2d8       4%          4
m - Mephitic Cloud        Conj/Alch/Air  27%        N/A       3%          3
t - Olgreb's Toxic Radia  Alch           33%        N/A       6%          4

Your spell library contained the following spells:

 Spells                   Type           Power      Damage    Failure   Level
 Mercury Vapours          Alch/Air       48%        N/A       2%          2
 Cigotuvi's Dreadful Rot  Necr/Alch/Air  36%        N/A       4%          2
 Dazzling Flash           Conj/Hex       40%        N/A       7%          3
 Apportation              Tloc           12%        N/A       10%         1
 Summon Small Mammal      Summ           24%        N/A       10%         1
 Jinxbite                 Hex            12%        N/A       16%         2
 Alistair's Intoxication  Alch           22%        N/A       17%         5
 Summon Blazeheart Golem  Fire/Summ      22%        N/A       19%         4
 Call Canine Familiar     Summ           6%         N/A       30%         3
 Freezing Cloud           Conj/Ice/Air   9%         6-21      63%         5
 Silence                  Hex/Air        5%         N/A       88%         5
 Curse of Agony           Necr           6%         N/A       95%         5


Dungeon Overview and Level Annotations

Branches:
Dungeon (8/15)             Temple (1/1) D:6
   Lair: D:8-11

Altars:
Ashenzari
Cheibriados
Dithmenos
Elyvilon
Fedhas
Gozag
Hepliaklqana
Kikubaaqudgha
Makhleb
Nemelex Xobeh
Okawaru
Qazlal
Ru
Sif Muna
Uskayaw
Xom
Yredelemnul
Zin
The Shining One

Annotations:
D:8 Gastronok


Innate Abilities, Weirdness & Mutations

Your spellcasting is much less encumbered by armour.
You can use scrolls of enchantment on lesser artefacts.


Message History

You ignite the poison in your surroundings!
Gastronok seems to burn from within!!
Gastronok is almost dead.
Okay, then.
Your +2 quarterstaff of chaos is briefly surrounded by a scintillating aura of random colours.
a - a +2 quarterstaff of chaos (weapon)
You hit Gastronok.
Gastronok appears confused.
Gastronok is almost dead.
You hit Gastronok.
Gastronok looks weaker.
Gastronok is almost dead.
You hit Gastronok.
Gastronok evaporates and reforms as a titan!
Gastronok is almost dead.
Gastronok mumbles some strange words.
Gastronok is healed somewhat.
Gastronok attacks as it pursues you! Gastronok hits you!!!
Ouch! That really hurt!
Casting: Ignite Poison (dangerous; 4% risk of failure)
Confirm with . or Enter, or press ? or * to list all spells.
Aiming: Mephitic Cloud (dangerous; 3% risk of failure)
Press: ? - help, Shift-Dir - straight line, f - Gastronok
Aim: Gastronok the titan (severely wounded, chance to affect: 5%)
Okay, then.
As you read the scroll of fear, it crumbles to dust.
You assume a fearsome visage.
Gastronok resists with almost no effort.
Gastronok waves its arms in wide circles.
The air twists around and strikes you!!
* * * LOW HITPOINT WARNING * * *
Okay, then.
Aiming: Iceblast
Press: ? - help, Shift-Dir - straight line The mass of ice explodes!
The iceblast engulfs Gastronok.
Gastronok is severely wounded.
Gastronok gestures wildly while chanting.
Gastronok is healed somewhat.
Casting: Mephitic Cloud (dangerous; 3% risk of failure)
Confirm with . or Enter, or press ? or * to list all spells.
Aiming: Mephitic Cloud (dangerous; 3% risk of failure)
Press: ? - help, Shift-Dir - straight line The ball explodes into a vile cloud!
The stinking cloud engulfs Gastronok.
Gastronok is heavily wounded.
Gastronok is engulfed in noxious fumes.
Gastronok mumbles some strange words.
Gastronok is healed somewhat.
Gastronok is engulfed in noxious fumes.
Gastronok attacks as it pursues you! Gastronok hits you!!!
Ouch! That really hurt!
You die...
Gastronok gurgles, "Let's see if you taste as good as that wizard did."

. ...... ...###~....
####....####....#~...♣
#..#.)..#..#....#~...♣
#..##''##..#....#~...♣♣
#....).....#....#~..P.♣
#..~.).~...######§..P.♣
≈~~~~..~~~~~☼≈☼§~~.P♣
........≈~.~~§...§.♣
####........☼§§C@.♣♣
#[.#.........♣♣♣♣♣♣
#..#..........P♣♣♣
##'#..........PP.♣♣
..................♣♣
......)..######....♣
.........'....#....♣
......)..#..>.#....♣♣
.......[.#....#.....♣♣####


You could see Gastronok the titan.

Vanquished Creatures
  2 two-headed ogres (D:8)
  A manticore (D:8)
  A merfolk (D:8)
  Prince Ribbit (D:8)
  A hornet (D:7)
  3 wyverns
  2 yaks (D:8)
  Eustachio (D:4)
  A steam dragon (D:8)
  2 water moccasins
  4 orc warriors
  7 black bears
  An ogre (D:6)
  2 centaurs
  2 phantoms
  3 kobold brigands (D:8)
  8 bullfrogs
  A gnoll sergeant (D:6)
  3 scorpions
  6 wights (D:8)
  4 electric eels (D:8)
  3 bombardier beetles (D:5)
  4 howler monkeys
  A jelly (D:5)
  2 hounds
  6 gnoll boudas
  6 orc priests
  Crazy Yiuf (D:4)
  4 sleepcaps
  Ijyb (D:5)
  6 iguanas
  11 orc wizards
  Robin (D:4)
  21 gnolls
  7 adders
  2 ufetubi (D:5)
  4 dart slugs
  A ribbon worm (D:2)
  21 orcs
  5 ball pythons
  12 endoplasms
  3 giant cockroaches
  15 goblins
  11 hobgoblins
  4 jackals (D:1)
  A quokka (D:1)
  4 bats
  3 frilled lizards
  11 kobolds
  10 rats
237 creatures vanquished.

Vanquished Creatures (collateral kills)
  A wyvern (D:8)
1 creature vanquished.

Grand Total: 238 creatures vanquished

Notes
Turn   | Place    | Note
-------+----------+-------------------------------------------
     0 | D:1      | SlowGraham the Mountain Dwarf Alchemist began the quest for
                  | the Orb.
     0 | D:1      | Reached XP level 1. HP: 14/14 MP: 3/3
    64 | D:1      | Reached skill level 1 in Conjurations
   210 | D:1      | Reached XP level 2. HP: 20/20 MP: 1/5
   590 | D:1      | Reached XP level 3. HP: 20/26 MP: 0/6
   927 | D:1      | Reached skill level 1 in Armour
  1522 | D:1      | Reached XP level 4. HP: 28/33 MP: 0/7
  2033 | D:2      | Learned a level 3 spell: Mephitic Cloud
  2149 | D:2      | Found a faded altar of an unknown god.
  2198 | D:2      | You fall into a shaft and drop 1 floor!
  2204 | D:3      | Found a hide-covered altar of Uskayaw.
  2386 | D:3      | Learned a level 4 spell: Ignite Poison
  2394 | D:3      | Reached XP level 5. HP: 38/38 MP: 9/9
  3495 | D:4      | Noticed Eustachio
  3532 | D:4      | Killed Eustachio
  3533 | D:4      | Reached skill level 1 in Fire Magic
  3533 | D:4      | Reached XP level 6. HP: 14/45 MP: 10/10
  3701 | D:4      | Reached skill level 1 in Air Magic
  3747 | D:4      | Noticed Robin
  3758 | D:4      | Killed Robin
  4311 | D:4      | Found a runed translucent door.
  4312 | D:4      | Noticed Crazy Yiuf
  4328 | D:4      | Killed Crazy Yiuf
  4639 | D:5      | Entered Level 5 of the Dungeon
  4812 | D:5      | Reached XP level 7. HP: 40/50 MP: 11/11
  5089 | D:5      | Found a glowing silver altar of Zin.
  5165 | D:5      | Noticed Ijyb
  5188 | D:5      | Killed Ijyb
  5282 | D:5      | Found a shadowy altar of Dithmenos.
  5811 | D:5      | Reached XP level 8. HP: 23/57 MP: 13/13
  6195 | D:6      | Learned a level 4 spell: Sticky Flame
  6407 | D:6      | Reached skill level 5 in Armour
  6562 | D:6      | Found a snail-covered altar of Cheibriados.
  6768 | D:6      | Reached skill level 5 in Fire Magic
  6784 | D:6      | Reached XP level 9. HP: 40/62 MP: 15/15
  6789 | D:6      | Reached skill level 5 in Alchemy
  6867 | D:6      | Found a staircase to the Ecumenical Temple.
  6891 | Temple   | Found a transporter.
  6891 | Temple   | Found a transporter.
  6891 | Temple   | Found a transporter.
  6891 | Temple   | Found a transporter.
  6891 | Temple   | Entered the Ecumenical Temple
  6909 | Temple   | Became a worshipper of Sif Muna the Loreminder
  7248 | D:6      | Found a blossoming altar of Fedhas.
  7254 | D:6      | Found a glowing golden altar of the Shining One.
  7254 | D:6      | Found a sparkling altar of Nemelex Xobeh.
  7275 | D:6      | Found a stormy altar of Qazlal.
  7415 | D:6      | Learned a level 4 spell: Olgreb's Toxic Radiance
  7422 | D:7      | Reached skill level 5 in Conjurations
  7688 | D:7      | Reached skill level 5 in Spellcasting
  8462 | D:8      | Reached * piety under Sif Muna
  8586 | D:8      | Reached XP level 10. HP: 55/69 MP: 18/18
  8822 | D:8      | Reached skill level 1 in Invocations
  9015 | D:8      | Noticed a manticore
  9021 | D:8      | Noticed a two-headed ogre
  9026 | D:8      | Killed a two-headed ogre
  9029 | D:8      | Killed a manticore
  9281 | D:8      | HP: 3/69 [merfolk/+0 trident (9)]
  9515 | D:8      | Noticed Prince Ribbit
  9526 | D:8      | Killed Prince Ribbit
  9723 | D:8      | Noticed a two-headed ogre
  9730 | D:8      | Killed a two-headed ogre
  9794 | D:8      | Found a shimmering altar of Xom.
  9870 | D:8      | Reached ** piety under Sif Muna
 10031 | D:8      | Reached XP level 11. HP: 25/74 MP: 16/20
 10347 | D:8      | Noticed Gastronok
 10364 | D:8      | Gastronok changed into Gastronok the titan
 10364 | D:8      | Noticed Gastronok
 10369 | D:8      | Annihilated by Gastronok the titan

Illustrated notes

Levels and vault maps discovered:
D:1:      roderic_octagonal_star, layout_rooms
D:2:      layout_rooms, hellmonk_ecumenical_altar_leap_of_faith
D:3:      layout_basic, nicolae_uskayaw_dance_hall, serial_bayou_crossing
D:4:      layout_basic, chequers_serial_rivers_micro_b,
          hangedman_abyss_or_decor_jellyfish_corner, minmay_manual_mess,
          uniq_crazy_yiuf_cottage, uniq_robin, uniq_eustachio
D:5:      minmay_chambers_of_threes, layout_basic, overflow_temple_1_default,
          mainiacjoe_overflow_concentric_impassable, uniq_ijyb
D:6:      layout_cave_pools, nicolae_overflow_hallway_of_the_gods,
          minmay_temple_entry_slanted, serial_co_window_serial,
          co_window_corner_a, co_window_paths_a, co_window_corner_a,
          co_window_paths_a, co_window_paths_a, co_window_of_opportunity_a,
          co_window_2corner, co_window_broadway_b, co_window_corner_b,
          co_window_of_opportunity_c, co_window_corner_ca, glass_columns_c,
          glass_columns_c, glass_columns_b, hellmonk_no_cap
D:7:      layout_basic
D:8:      kennysheep_town, uniq_prince_ribbit1, uniq_gastronok
Temple:   hellmonk_temple_divided_pantheon

Skill      XL: |  1  2  3  4  5  6  7  8  9 10 |
---------------+-------------------------------+-----
Conjurations   | 1 2 3 4 5 6 |  6.9
Spellcasting   | 2 3 4 5 6 |  6.5
Armour         | 1 2 3 4 5 6 8 |  8.0
Alchemy        | 3 4 5 6 |  6.7
Fire Magic     | 1 2 3 5 6 8 |  8.0
Air Magic      | 1 2 |  2.0
Invocations    | 4 |  4.8
Dodging        | |  1.3
Stealth        | |  1.4

Action                     |  1- 3 |  4- 6 |  7- 9 | 10-12 || total
---------------------------+-------+-------+-------+-------++-------
  Melee: Unarmed           |    10 |       |       |       ||    10
         Dagger            |    47 |    75 |       |       ||   122
         Quarterstaff      |       |    12 |   188 |    42 ||   242
  Throw: Stone             |     4 |     5 |    11 |       ||    20
         Dart              |       |     2 |       |       ||     2
   Cast: Sting             |    72 |   126 |   117 |     5 ||   320
         Mephitic Cloud    |       |       |    28 |    30 ||    58
         Olgreb's Toxic Ra |       |       |     6 |    24 ||    30
         Ignite Poison     |       |       |     4 |    17 ||    21
         Sticky Flame      |       |       |     2 |     6 ||     8
  Evoke: Wand              |       |       |       |     8 ||     8
    Use: Scroll            |       |     8 |     1 |     1 ||    10
         Potion            |       |       |     7 |     2 ||     9
   Stab: Paralysed         |       |       |     2 |       ||     2
         Confused          |       |       |     3 |     3 ||     6
 Armour: Robe              |     7 |       |       |    27 ||    34
         Ring mail         |     2 |       |       |       ||     2
         Scale mail        |    33 |   134 |   258 |    26 ||   451
  Dodge: Dodged            |    30 |    73 |    98 |    27 ||   228

Table legend: (Time is in decaauts)
 A = Elapsed time spent in this place.
 B = Non-inter-level travel time spent in this place.
 C = Inter-level travel time spent in this place.
 D = Time resting spent in this place.
 E = Time spent auto-exploring this place.
 F = Levels seen in this place.
 G = Mean time per level.
                   A        B        C        D        E       F      G
               +--------+--------+--------+--------+--------+-----+--------+
         Total |  10480 |  10221 |    259 |   3100 |   4943 |   9 | 1164.4 |
       Dungeon |  10439 |  10187 |    252 |   3100 |   4943 |   8 | 1304.9 |
        Temple |     40 |     33 |      7 |      0 |      0 |   1 |   40.0 |
               +--------+--------+--------+--------+--------+-----+--------+

Top non-repeatable levels by time:
     D:8: 1981 daAuts
     D:5: 1572 daAuts
     D:1: 1518 daAuts
     D:4: 1372 daAuts
     D:6: 1204 daAuts
     D:7: 1027 daAuts
     D:3: 933 daAuts
     D:2: 830 daAuts
  Temple: 40 daAuts
